ITL
TRENTON STARS @ HAVANA ROLLERS
08/12/2026
 
TOP OF THE 1ST
Trenton Stars batting - Pitching for Havana Rollers : RHP Tomás Molina
Pitching: RHP Tomás Molina
Batting: SHB Nick Marshall 0-0: Foul Ball, location: 2F
0-1: Ball
1-1: Ball
2-1: Foul Ball, location: 2F
2-2: Foul Ball, location: 2F
2-2: Strikes out swinging
Batting: RHB Jesús Dávila 0-0: Called Strike
0-1: Fly out, F3 (Popup, 3L)
Batting: RHB Clancy Booker 0-0: Ball
1-0: Ball
2-0: Ball
3-0: Called Strike
3-1: Called Strike
3-2: Strikes out looking
Top of the 1st over - 0 run(s), 0 hit(s), 0 error(s), 0 left on base; Trenton 0 - Havana 0
BOTTOM OF THE 1ST
Havana Rollers batting - Pitching for Trenton Stars : LHP Michael Puckett
Pitching: LHP Michael Puckett
Batting: LHB Jimmy Husted 0-0: Ball
1-0: Swinging Strike
1-1: Foul Ball, location: 2F
1-2: Foul Ball, location: 2F
1-2: Fly out, F8 (Flyball, 8LXD)
Batting: RHB Dani Gómez 0-0: Ball
1-0: Foul Ball, location: 2F
1-1: Foul Ball, location: 2F
1-2: Ball
2-2: Ball
3-2: Foul Ball, location: 2F
3-2: Base on Balls
Batting: LHB Wilson Allen 0-0: Ball
Dani Gómez steals 2nd base
1-0: Called Strike
1-1: Ball
2-1: Foul Ball, location: 2F
2-2: Ball
3-2: Base on Balls
Batting: RHB Jack Bailey 0-0: Fly out, F9 (Flyball, 9LM)
Batting: LHB Gyu-sik Yi 0-0: Ball
1-0: Called Strike
1-1: Ball
2-1: Swinging Strike
2-2: Ball
3-2: Foul Ball, location: 2F
3-2: Base on Balls
Dani Gómez to third
Wilson Allen to second
Batting: RHB Francisco Rincón 0-0: Foul Ball, location: 2F
0-1: Ball
1-1: Foul Ball, location: 2F
1-2: Fly out, F4 (Line Drive, 4M)
Bottom of the 1st over - 0 run(s), 0 hit(s), 0 error(s), 3 left on base; Trenton 0 - Havana 0
TOP OF THE 2ND
Trenton Stars batting - Pitching for Havana Rollers : RHP Tomás Molina
Batting: LHB Alonzo Medine 0-0: Ball
1-0: Ball
2-0: Ball
3-0: Base on Balls
Batting: LHB Alberto Gómez 0-0: Called Strike
0-1: Foul Ball, location: 2F
0-2: Strikes out looking
Batting: RHB Kenji Murayama 0-0: Called Strike
0-1: Grounds into double play, 6-4-3 (Groundball, 6)
Top of the 2nd over - 0 run(s), 0 hit(s), 0 error(s), 0 left on base; Trenton 0 - Havana 0
BOTTOM OF THE 2ND
Havana Rollers batting - Pitching for Trenton Stars : LHP Michael Puckett
Batting: RHB Chad Case 0-0: Bunt for hit - play at first, batter OUT! 1-3
Batting: RHB Victor Andrews 0-0: Ball
1-0: Ball
2-0: DOUBLE (Line Drive, 8LM) - OUT at third base trying to stretch hit.
Batting: RHB Paul Bailey 0-0: Swinging Strike
0-1: Ball
1-1: Ball
2-1: Foul Ball, location: 2F
2-2: Ball
3-2: Base on Balls
Batting: LHB Jimmy Husted 0-0: Called Strike
0-1: Called Strike
0-2: Strikes out looking
Bottom of the 2nd over - 0 run(s), 1 hit(s), 0 error(s), 1 left on base; Trenton 0 - Havana 0
TOP OF THE 3RD
Trenton Stars batting - Pitching for Havana Rollers : RHP Tomás Molina
Batting: LHB Ju-wei Shiu 0-0: Swinging Strike
0-1: Ball
1-1: Foul Ball, location: 2F
1-2: Ball
2-2: Ground out 4-3 (Groundball, 4)
Batting: RHB Jonas Uttley 0-0: Ball
1-0: Ball
2-0: Ground out 1-3 (Groundball, 13S)
Batting: RHB Chris Cole 0-0: Ground out 4-3 (Groundball, 4)
Top of the 3rd over - 0 run(s), 0 hit(s), 0 error(s), 0 left on base; Trenton 0 - Havana 0
BOTTOM OF THE 3RD
Havana Rollers batting - Pitching for Trenton Stars : LHP Michael Puckett
Batting: RHB Dani Gómez 0-0: Ball
1-0: Ball
2-0: Ball
3-0: Called Strike
3-1: Base on Balls
Batting: LHB Wilson Allen 0-0: Ground out U3 (Groundball, 3S)
Dani Gómez to second
Batting: RHB Jack Bailey 0-0: Foul Ball, location: 2F
0-1: Ball
1-1: Called Strike
Throwing error on steal attempt, E2
Dani Gómez scores
1-2: Ball
2-2: Ball
3-2: Base on Balls
Batting: LHB Gyu-sik Yi 0-0: Ball
Jack Bailey steals 2nd base
1-0: Fly out, F8 (Flyball, 8RM)
Batting: RHB Francisco Rincón 0-0: Ball
1-0: Called Strike
1-1: Foul Ball, location: 2F
1-2: Ground out U3 (Groundball, 3S)
Bottom of the 3rd over - 1 run(s), 0 hit(s), 1 error(s), 1 left on base; Trenton 0 - Havana 1
TOP OF THE 4TH
Trenton Stars batting - Pitching for Havana Rollers : RHP Tomás Molina
Batting: SHB Nick Marshall 0-0: Ball
1-0: Ball
2-0: Called Strike
2-1: Foul Ball, location: 2F
2-2: Strikes out looking
Batting: RHB Jesús Dávila 0-0: Ball
1-0: Foul Ball, location: 2F
1-1: Ball
2-1: Foul Ball, location: 2F
2-2: Ball
3-2: SINGLE (Line Drive, 6MD)
Batting: RHB Clancy Booker 0-0: Ball
1-0: Ball
2-0: Ball
3-0: Called Strike
3-1: SINGLE (Groundball, 4MD)
Jesús Dávila to second
Batting: LHB Alonzo Medine 0-0: Fielders Choice at 2nd, 1-6 (Groundball, 25)
Jesús Dávila to third
Batting: LHB Alberto Gómez 0-0: Foul Ball, location: 2F
0-1: Ball
1-1: Ball
2-1: Swinging Strike
2-2: Ball
3-2: Strikes out swinging
Top of the 4th over - 0 run(s), 2 hit(s), 0 error(s), 2 left on base; Trenton 0 - Havana 1
BOTTOM OF THE 4TH
Havana Rollers batting - Pitching for Trenton Stars : LHP Michael Puckett
Batting: RHB Chad Case 0-0: Ball
1-0: Called Strike
1-1: Ball
2-1: SINGLE (Line Drive, 56D)
Batting: RHB Victor Andrews 0-0: Called Strike
0-1: Ball
1-1: Ball
2-1: Ball
3-1: Swinging Strike
3-2: Base on Balls
Chad Case to second
Batting: RHB Paul Bailey 0-0: Called Strike
0-1: Called Strike
0-2: Fielders Choice at 2nd, 3-6 (Groundball, 3)
Chad Case to third
Pitching: RHP Alfredo Ruíz
Batting: LHB Jimmy Husted 0-0: Ball
1-0: Called Strike
1-1: Ball
2-1: Foul Ball, location: 2F
2-2: Fielders Choice at 2nd, U4 (Groundball, 4)
Chad Case scores
Batting: RHB Dani Gómez 0-0: Called Strike
0-1: Ball
1-1: Ball
2-1: SINGLE (Line Drive, 89S)
Jimmy Husted to second
Runner from 2nd tries for 3rd, OUT!
Bottom of the 4th over - 1 run(s), 2 hit(s), 0 error(s), 1 left on base; Trenton 0 - Havana 2
TOP OF THE 5TH
Trenton Stars batting - Pitching for Havana Rollers : RHP Tomás Molina
Batting: RHB Kenji Murayama 0-0: Ball
1-0: Ball
2-0: Called Strike
2-1: Called Strike
2-2: Ball
3-2: Foul Ball, location: 2F
3-2: Strikes out looking
Batting: LHB Ju-wei Shiu 0-0: Foul Ball, location: 2F
0-1: Ball
1-1: Ball
2-1: Foul Ball, location: 2F
2-2: Ball
3-2: Strikes out swinging
Batting: RHB Jonas Uttley 0-0: Called Strike
0-1: Foul Ball, location: 2F
0-2: Ball
1-2: Foul Ball, location: 2F
1-2: Foul Ball, location: 2F
1-2: Strikes out looking
Top of the 5th over - 0 run(s), 0 hit(s), 0 error(s), 0 left on base; Trenton 0 - Havana 2
BOTTOM OF THE 5TH
Havana Rollers batting - Pitching for Trenton Stars : RHP Alfredo Ruíz
Batting: LHB Wilson Allen 0-0: Ball
1-0: SINGLE (Line Drive, 56D)
Batting: RHB Jack Bailey 0-0: Ball
1-0: Swinging Strike
1-1: Swinging Strike
1-2: TRIPLE (Flyball, 8RXD)
Wilson Allen scores
Batting: LHB Gyu-sik Yi 0-0: Ball
1-0: Foul Ball, location: 2F
1-1: Ball
2-1: Ball
3-1: Foul Ball, location: 2F
3-2: Foul Ball, location: 2F
3-2: Base on Balls
Batting: RHB Francisco Rincón 0-0: Ball
1-0: Swinging Strike
1-1: SINGLE (Groundball, 5S) (infield hit)
Jack Bailey scores
Gyu-sik Yi to second
Batting: RHB Chad Case 0-0: SINGLE (Line Drive, 34D)
Gyu-sik Yi to third
Francisco Rincón to second
Batting: RHB Victor Andrews 0-0: Swinging Strike
0-1: Ball
1-1: Grounds into double play, 5-4-3 (Groundball, 56)
Gyu-sik Yi scores
Francisco Rincón to third
Batting: RHB Paul Bailey 0-0: Called Strike
0-1: Ball
1-1: Ball
2-1: Ball
3-1: SINGLE (Line Drive, 8RS)
Francisco Rincón scores
Batting: LHB Jimmy Husted 0-0: Ball
1-0: Ball
2-0: SINGLE (Groundball, 34D)
Paul Bailey to second
Runner from 2nd tries for 3rd, SAFE, throw made to third
Batting: RHB Dani Gómez 0-0: Foul Ball, location: 2F
0-1: Ball
1-1: Ball
2-1: Called Strike
2-2: Ball
3-2: Base on Balls
Jimmy Husted to second
Batting: LHB Wilson Allen 0-0: Called Strike
0-1: Ball
1-1: Foul Ball, location: 2F
1-2: Ball
2-2: Ball
3-2: Base on Balls
Paul Bailey scores
Jimmy Husted to third
Dani Gómez to second
Batting: RHB Jack Bailey 0-0: Ball
1-0: Ball
2-0: SINGLE (Groundball, 4M)
Jimmy Husted scores
Dani Gómez to third
Wilson Allen to second
Runner from 3rd tries for Home, SAFE, no throw or cutoff
Batting: LHB Gyu-sik Yi 0-0: Called Strike
0-1: Ground out 4-3 (Groundball, 4)
Bottom of the 5th over - 7 run(s), 7 hit(s), 0 error(s), 2 left on base; Trenton 0 - Havana 9
TOP OF THE 6TH
Trenton Stars batting - Pitching for Havana Rollers : RHP Alfonso Ortíz
Pitching: RHP Alfonso Ortíz
Batting: RHB Chris Cole 0-0: Ball
1-0: Fly out, F8 (Flyball, 8RM)
Batting: SHB Nick Marshall 0-0: Ball
1-0: Ground out 4-3 (Groundball, 4)
Batting: RHB Jesús Dávila 0-0: Swinging Strike
0-1: Ball
1-1: Ball
2-1: Swinging Strike
2-2: Foul Ball, location: 2F
2-2: SINGLE (Line Drive, 6MD)
Batting: RHB Clancy Booker 0-0: Called Strike
0-1: Ball
1-1: Fly out, F9 (Line Drive, 9LM)
Top of the 6th over - 0 run(s), 1 hit(s), 0 error(s), 1 left on base; Trenton 0 - Havana 9
BOTTOM OF THE 6TH
Havana Rollers batting - Pitching for Trenton Stars : RHP Alfredo Ruíz
Batting: RHB Francisco Rincón 0-0: Ball
1-0: Ball
2-0: Ball
3-0: Called Strike
3-1: Base on Balls
Batting: RHB Chad Case 0-0: Called Strike
0-1: Ball
1-1: Foul Ball, location: 2F
1-2: Ball
2-2: Ball
3-2: Foul Ball, location: 2F
3-2: Foul Ball, location: 2F
3-2: Foul Ball, location: 2F
3-2: Base on Balls
Francisco Rincón to second
Pitching: RHP Juan Aguilar
Batting: RHB Victor Andrews 0-0: Called Strike
0-1: Ball
1-1: Ball
2-1: Ball
3-1: Grounds into double play, 6-4-3 (Groundball, 6)
Francisco Rincón to third
Batting: RHB Paul Bailey 0-0: Ball
1-0: Foul Ball, location: 2F
1-1: Ball
2-1: Foul Ball, location: 2F
2-2: SINGLE (Groundball, 25) (infield hit)
Francisco Rincón scores
Batting: LHB Jimmy Husted 0-0: Ball
1-0: Called Strike
1-1: Ball
2-1: Ball
3-1: Swinging Strike
3-2: Base on Balls
Paul Bailey to second
Batting: RHB Dani Gómez 0-0: Called Strike
0-1: Ball
1-1: Ground out 6-3 (Groundball, 6)
Bottom of the 6th over - 1 run(s), 1 hit(s), 0 error(s), 2 left on base; Trenton 0 - Havana 10
TOP OF THE 7TH
Trenton Stars batting - Pitching for Havana Rollers : RHP Alfonso Ortíz
Batting: LHB Alonzo Medine 0-0: Ball
1-0: Foul Ball, location: 2F
1-1: Ball
2-1: Ball
3-1: Foul Ball, location: 2F
3-2: Foul Ball, location: 2F
3-2: Foul Ball, location: 2F
3-2: Strikes out swinging
Batting: LHB Alberto Gómez 0-0: SINGLE (Groundball, 4MD)
Batting: RHB Kenji Murayama 0-0: Ball
1-0: Called Strike
1-1: Ball
2-1: Foul Ball, location: 2F
2-2: Foul Ball, location: 2F
2-2: Fly out, F8 (Flyball, 8RM)
Batting: LHB Ju-wei Shiu 0-0: Ball
Alberto Gómez steals 2nd base
1-0: Ground out 4-3 (Groundball, 4)
Top of the 7th over - 0 run(s), 1 hit(s), 0 error(s), 1 left on base; Trenton 0 - Havana 10
BOTTOM OF THE 7TH
Havana Rollers batting - Pitching for Trenton Stars : RHP Juan Aguilar
Batting: LHB Wilson Allen 0-0: Ball
1-0: Called Strike
1-1: Ball
2-1: Ball
3-1: Base on Balls
Batting: RHB Jack Bailey 0-0: Called Strike
0-1: Fly out, F2 (Popup, 2LF)
Batting: LHB Gyu-sik Yi 0-0: Called Strike
0-1: DOUBLE (Line Drive, 89S)
Wilson Allen to third
Batting: RHB Francisco Rincón 0-0: Swinging Strike
0-1: Foul Ball, location: 2F
0-2: Ball
1-2: Strikes out swinging
Batting: RHB Chad Case 0-0: Ball
1-0: Foul Ball, location: 2F
1-1: Called Strike
1-2: Strikes out swinging
Bottom of the 7th over - 0 run(s), 1 hit(s), 0 error(s), 2 left on base; Trenton 0 - Havana 10
TOP OF THE 8TH
Trenton Stars batting - Pitching for Havana Rollers : RHP Alfonso Ortíz
Pitching: RHP Alejandro Pérez
Batting: RHB Jonas Uttley 0-0: Called Strike
0-1: Swinging Strike
0-2: Ball
1-2: SINGLE (Flyball, 89S)
Pinch Hitting: RHB Rob Bass 0-0: 2-RUN HOME RUN (Flyball, 78XD), Distance : 422 ft
Batting: SHB Nick Marshall 0-0: Ball
1-0: Ball
2-0: Ball
3-0: Base on Balls
Batting: RHB Jesús Dávila 0-0: Swinging Strike
0-1: Ball
1-1: Ball
2-1: Ball
3-1: Called Strike
3-2: 2-RUN HOME RUN (Flyball, 7LD), Distance : 363 ft
Pitching: RHP Kei Hashimoto
Batting: RHB Clancy Booker 0-0: Foul Ball, location: 2F
0-1: Foul Ball, location: 2F
0-2: Foul Ball, location: 2F
0-2: Ball
1-2: DOUBLE (Flyball, 89D)
Batting: LHB Alonzo Medine 0-0: Ball
1-0: Ground out 4-3 (Groundball, 4M)
Clancy Booker to third
Batting: LHB Alberto Gómez 0-0: Ball
1-0: Foul Ball, location: 2F
1-1: Fly out, F4 (Popup, 34)
Batting: RHB Kenji Murayama 0-0: Swinging Strike
0-1: Ball
1-1: Swinging Strike
1-2: Fly out, F8 (Popup, 6MD)
Top of the 8th over - 4 run(s), 4 hit(s), 0 error(s), 1 left on base; Trenton 4 - Havana 10
BOTTOM OF THE 8TH
Havana Rollers batting - Pitching for Trenton Stars : RHP Juan Aguilar
Now at 1B: Rob Bass
Batting: RHB Victor Andrews 0-0: Called Strike
0-1: Called Strike
0-2: Ground out 6-3 (Groundball, 6)
Batting: RHB Paul Bailey 0-0: Ground out 5-3 (Groundball, 5S)
Batting: LHB Jimmy Husted 0-0: Ball
1-0: Ground out 4-3 (Groundball, 34)
Bottom of the 8th over - 0 run(s), 0 hit(s), 0 error(s), 0 left on base; Trenton 4 - Havana 10
TOP OF THE 9TH
Trenton Stars batting - Pitching for Havana Rollers : RHP Kei Hashimoto
Now at 1B: Zhi-huan Loong
Batting: LHB Ju-wei Shiu 0-0: Ball
1-0: Called Strike
1-1: Ball
2-1: Ball
3-1: Swinging Strike
3-2: Foul Ball, location: 2F
3-2: Strikes out swinging
Batting: RHB Jonas Uttley 0-0: Ball
1-0: Called Strike
1-1: Foul Ball, location: 2F
1-2: Ball
2-2: Ball
3-2: Strikes out looking
Batting: RHB Rob Bass 0-0: Swinging Strike
0-1: Foul Ball, location: 2F
0-2: Ball
1-2: Foul Ball, location: 2F
1-2: Ball
2-2: Strikes out swinging
Top of the 9th over - 0 run(s), 0 hit(s), 0 error(s), 0 left on base; Trenton 4 - Havana 10
Monday, December 5th, 2016 - OOTP Baseball 17.12 Build 75